[ PARTIDA AOE2 · #474265261 ]
Team RMTupíes vs Bohemians
[ ANÁLISIS DE REPETICIÓN · EXTRAÍDO DE LA PARTIDA GRABADA ]
Feudal
9:31
Castillos
13:02
Imperial
—
| APM promedio | 30.3 |
| APM pico | 67 |
| eAPM promedio | 16.0 |
| Aldeanos / militares | 75 / 21 |
Foco
⚔️ 39.3% · 🌾 60.7%
Unknown (2579) ×38 · Spearman ×7 · Battering Ram ×7 · Mangonel ×5 · Unknown (2582) ×4 · Monk ×1
Feudal
7:36
Castillos
11:12
Imperial
30:17
| APM promedio | 30.2 |
| APM pico | 62 |
| eAPM promedio | 18.9 |
| Aldeanos / militares | 54 / 61 |
Foco
⚔️ 29.2% · 🌾 70.8%
Hussite Wagon ×38 · Battering Ram ×11 · Mangonel ×5 · Trebuchet (Packed) ×4 · Petard ×2 · Scorpion ×1
Feudal
7:15
Castillos
12:05
Imperial
30:56
| APM promedio | 21.7 |
| APM pico | 36 |
| eAPM promedio | 12.4 |
| Aldeanos / militares | 115 / 61 |
Foco
⚔️ 27.5% · 🌾 72.5%
Hussite Wagon ×37 · Skirmisher ×21 · Monk ×2 · Trebuchet (Packed) ×1
Feudal
8:15
Castillos
12:22
Imperial
33:20
| APM promedio | 30.7 |
| APM pico | 74 |
| eAPM promedio | 16.2 |
| Aldeanos / militares | 102 / 67 |
Foco
⚔️ 27.6% · 🌾 72.4%
Mangudai ×38 · Battering Ram ×16 · Scorpion ×8 · Petard ×4 · Monk ×1
Mapa de la partida
Recursos iniciales + cada clic de construcción. Líneas = muros · curvas = relieve. ◆ oro · ⬟ piedra · ● bayas · ✦ reliquia · ◌ hueco del cierre
Tu base· ✓ Cerrada en 13:02 · 0t muro · 7 puerta(s)
Base de Bananagee· ✓ Cerrada en 11:12 · 0t muro · 6 puerta(s)
Base de Matt-O-War· ✓ Cerrada en 12:05 · 0t muro · 7 puerta(s)
Base de Gandhi's Revenge· ✓ Cerrada en 12:22 · 0t muro · 7 puerta(s)
Terreno inicial suavizado · ◌ = hueco del cierre detectado · pasá el cursor para detalles
Inputs por minuto
— HandKing - - Bananagee
Build order — HandKing
Primeras 150 de 204 acciones detectadas
| 0:00 | Crear | Villager (Male) |
| 0:00 | Crear | Villager (Male) |
| 0:00 | Crear | Villager (Male) |
| 0:14 | Construir | Settlement |
| 0:22 | Crear | Villager (Male) |
| 0:22 | Crear | Villager (Male) |
| 1:01 | Crear | Villager (Male) |
| 1:01 | Crear | Villager (Male) |
| 1:17 | Crear | Villager (Male) |
| 1:17 | Crear | Villager (Male) |
| 1:29 | Crear | Villager (Male) |
| 1:29 | Crear | Villager (Male) |
| 2:16 | Crear | Villager (Male) |
| 2:16 | Crear | Villager (Male) |
| 2:59 | Crear | Villager (Male) |
| 2:59 | Crear | Villager (Male) |
| 3:17 | Crear | Villager (Male) |
| 3:17 | Crear | Villager (Male) |
| 3:33 | Construir | Farm |
| 3:36 | Construir | Farm |
| 3:39 | Construir | Settlement |
| 3:39 | Crear | Villager (Male) |
| 3:39 | Crear | Villager (Male) |
| 3:46 | Crear | Villager (Male) |
| 3:47 | Crear | Villager (Male) |
| 4:10 | Crear | Villager (Male) |
| 4:10 | Crear | Villager (Male) |
| 4:31 | Crear | Villager (Male) |
| 4:31 | Crear | Villager (Male) |
| 6:25 | Construir | Farm |
| 6:56 | Crear | Villager (Male) |
| 7:02 | Investigar | Feudal Age |
| 7:03 | Investigar | Loom |
| 8:17 | Construir | Farm |
| 8:20 | Construir | Farm |
| 8:26 | Construir | Farm |
| 8:40 | Crear | Villager (Male) |
| 8:45 | Investigar | Loom |
| 9:31 | Edad | Edad Feudal |
| 9:32 | Construir | Market |
| 9:37 | Construir | Blacksmith |
| 9:46 | Investigar | Double-Bit Axe |
| 9:53 | Investigar | Horse Collar |
| 10:04 | Investigar | Horse Collar |
| 10:08 | Construir | Farm |
| 10:11 | Construir | Farm |
| 10:19 | Crear | Villager (Male) |
| 10:22 | Investigar | Castle Age |
| 10:38 | Construir | Farm |
| 10:44 | Investigar | Padded Archer Armor |
| 10:50 | Construir | Farm |
| 11:08 | Crear | Villager (Male) |
| 11:25 | Investigar | Fletching |
| 11:33 | Construir | Settlement |
| 12:03 | Crear | Spearman |
| 12:03 | Crear | Spearman |
| 12:04 | Crear | Spearman |
| 12:08 | Investigar | Scale Mail Armor |
| 12:19 | Crear | Villager (Male) |
| 12:38 | Crear | Villager (Male) |
| 12:45 | Crear | Villager (Male) |
| 12:55 | Crear | Spearman |
| 13:02 | Edad | Edad de los Castillos |
| 13:11 | Crear | Unit 2579 |
| 13:37 | Crear | Unit 2579 |
| 14:14 | Crear | Villager (Male) |
| 14:24 | Crear | Unit 2579 |
| 14:24 | Crear | Unit 2579 |
| 14:36 | Crear | Villager (Male) |
| 14:36 | Crear | Villager (Male) |
| 14:40 | Investigar | Leather Archer Armor |
| 14:41 | Investigar | Bodkin Arrow |
| 14:43 | Crear | Villager (Male) |
| 15:11 | Crear | Villager (Male) |
| 15:16 | Crear | Villager (Male) |
| 15:34 | Construir | Siege Workshop |
| 15:37 | Crear | Villager (Male) |
| 15:45 | Investigar | Bow Saw |
| 15:47 | Crear | Villager (Male) |
| 15:47 | Crear | Villager (Male) |
| 16:27 | Construir | University |
| 16:35 | Crear | Unit 2579 |
| 16:49 | Crear | Villager (Male) |
| 16:49 | Crear | Villager (Male) |
| 16:53 | Construir | Settlement |
| 17:12 | Crear | Villager (Male) |
| 17:12 | Crear | Villager (Male) |
| 17:26 | Crear | Villager (Male) |
| 17:28 | Crear | Unit 2579 |
| 17:28 | Crear | Unit 2579 |
| 17:37 | Construir | Gate |
| 17:42 | Investigar | Guard Tower (upgrade) |
| 17:51 | Crear | Villager (Male) |
| 17:51 | Crear | Villager (Male) |
| 18:08 | Construir | Settlement |
| 18:09 | Crear | Villager (Male) |
| 18:09 | Crear | Villager (Male) |
| 18:20 | Crear | Unit 2582 |
| 18:21 | Crear | Unit 2582 |
| 18:21 | Crear | Unit 2582 |
| 18:29 | Crear | Scorpion |
| 18:32 | Crear | Mangonel |
| 18:49 | Crear | Villager (Male) |
| 18:50 | Crear | Villager (Male) |
| 19:42 | Crear | Unit 2579 |
| 19:47 | Crear | Villager (Male) |
| 19:47 | Crear | Villager (Male) |
| 20:34 | Construir | Gate |
| 21:17 | Crear | Villager (Male) |
| 21:17 | Crear | Villager (Male) |
| 21:23 | Construir | Settlement |
| 21:28 | Construir | Monastery |
| 21:42 | Construir | Siege Workshop |
| 21:46 | Crear | Villager (Male) |
| 21:46 | Crear | Villager (Male) |
| 22:01 | Crear | Villager (Male) |
| 22:14 | Crear | Villager (Male) |
| 22:14 | Crear | Villager (Male) |
| 22:34 | Construir | Settlement |
| 22:37 | Crear | Villager (Male) |
| 22:37 | Crear | Villager (Male) |
| 22:50 | Construir | Settlement |
| 23:00 | Crear | Spearman |
| 23:00 | Crear | Spearman |
| 23:01 | Crear | Spearman |
| 23:22 | Construir | House |
| 23:27 | Crear | Mangonel |
| 23:33 | Crear | Unit 2582 |
| 23:58 | Construir | House |
| 25:01 | Crear | Villager (Male) |
| 25:01 | Crear | Villager (Male) |
| 25:02 | Crear | Unit 2579 |
| 25:02 | Crear | Unit 2579 |
| 25:02 | Crear | Unit 2579 |
| 25:11 | Crear | Villager (Male) |
| 25:29 | Crear | Villager (Male) |
| 25:29 | Crear | Villager (Male) |
| 25:37 | Construir | Farm |
| 25:39 | Crear | Villager (Male) |
| 25:39 | Crear | Villager (Male) |
| 25:43 | Crear | Monk |
| 26:15 | Construir | Settlement |
| 26:20 | Crear | Unit 2579 |
| 26:21 | Crear | Unit 2579 |
| 26:21 | Crear | Unit 2579 |
| 26:21 | Crear | Unit 2579 |
| 26:21 | Crear | Unit 2579 |
| 26:22 | Crear | Unit 2579 |
| 26:22 | Crear | Unit 2579 |
| 26:22 | Crear | Unit 2579 |
Build order — Bananagee
Primeras 150 de 182 acciones detectadas
| 0:01 | Crear | Villager (Male) |
| 0:02 | Crear | Villager (Male) |
| 0:02 | Crear | Villager (Male) |
| 0:10 | Crear | Villager (Male) |
| 0:27 | Construir | Mill |
| 0:37 | Construir | Lumber Camp |
| 0:59 | Crear | Villager (Male) |
| 1:23 | Crear | Villager (Male) |
| 1:34 | Crear | Villager (Male) |
| 2:02 | Crear | Villager (Male) |
| 2:33 | Crear | Villager (Male) |
| 2:59 | Crear | Villager (Male) |
| 3:18 | Crear | Villager (Male) |
| 3:18 | Crear | Villager (Male) |
| 4:15 | Crear | Villager (Male) |
| 4:53 | Construir | Mining Camp |
| 5:18 | Construir | Farm |
| 5:24 | Investigar | Feudal Age |
| 5:37 | Construir | Farm |
| 5:43 | Construir | Farm |
| 6:47 | Crear | Villager (Male) |
| 6:48 | Crear | Villager (Male) |
| 7:36 | Edad | Edad Feudal |
| 7:41 | Construir | Market |
| 7:48 | Construir | Blacksmith |
| 8:32 | Investigar | Castle Age |
| 8:48 | Construir | Lumber Camp |
| 9:05 | Investigar | Double-Bit Axe |
| 9:17 | Investigar | Loom |
| 10:28 | Investigar | Horse Collar |
| 10:33 | Construir | Farm |
| 10:51 | Crear | Villager (Male) |
| 11:12 | Edad | Edad de los Castillos |
| 11:14 | Crear | Hussite Wagon |
| 11:14 | Crear | Hussite Wagon |
| 11:21 | Construir | Siege Workshop |
| 11:52 | Crear | Villager (Male) |
| 11:54 | Crear | Hussite Wagon |
| 11:55 | Crear | Villager (Male) |
| 12:10 | Investigar | Bow Saw |
| 12:25 | Construir | House |
| 12:44 | Crear | Battering Ram |
| 12:47 | Crear | Villager (Male) |
| 13:00 | Construir | House |
| 13:02 | Crear | Villager (Male) |
| 13:04 | Crear | Hussite Wagon |
| 13:05 | Crear | Villager (Male) |
| 13:41 | Crear | Hussite Wagon |
| 13:59 | Crear | Hussite Wagon |
| 14:17 | Crear | Villager (Male) |
| 14:22 | Crear | Hussite Wagon |
| 14:29 | Crear | Villager (Male) |
| 14:32 | Construir | House |
| 14:36 | Crear | Villager (Male) |
| 14:43 | Crear | Scorpion |
| 14:47 | Crear | Mangonel |
| 15:00 | Crear | Villager (Male) |
| 15:17 | Crear | Petard |
| 15:17 | Crear | Petard |
| 15:42 | Crear | Hussite Wagon |
| 15:44 | Crear | Battering Ram |
| 15:52 | Crear | Villager (Male) |
| 15:57 | Crear | Villager (Male) |
| 16:36 | Crear | Villager (Male) |
| 16:38 | Crear | Hussite Wagon |
| 16:38 | Crear | Hussite Wagon |
| 16:39 | Crear | Villager (Male) |
| 17:02 | Crear | Mangonel |
| 17:27 | Crear | Villager (Male) |
| 17:29 | Crear | Hussite Wagon |
| 18:12 | Crear | Hussite Wagon |
| 18:12 | Crear | Hussite Wagon |
| 18:23 | Crear | Villager (Male) |
| 18:24 | Crear | Battering Ram |
| 18:24 | Crear | Battering Ram |
| 18:26 | Construir | House |
| 18:27 | Crear | Villager (Male) |
| 19:18 | Crear | Hussite Wagon |
| 19:18 | Crear | Hussite Wagon |
| 20:20 | Crear | Villager (Male) |
| 20:21 | Crear | Villager (Male) |
| 20:21 | Crear | Villager (Male) |
| 20:32 | Crear | Mangonel |
| 20:33 | Crear | Mangonel |
| 20:34 | Crear | Villager (Male) |
| 20:47 | Construir | Lumber Camp |
| 20:47 | Crear | Villager (Male) |
| 20:54 | Construir | Mining Camp |
| 20:57 | Construir | Mining Camp |
| 21:23 | Crear | Mangonel |
| 21:49 | Crear | Battering Ram |
| 21:49 | Crear | Battering Ram |
| 21:51 | Crear | Villager (Male) |
| 21:56 | Crear | Villager (Male) |
| 22:00 | Construir | Lumber Camp |
| 22:06 | Construir | Farm |
| 22:08 | Construir | Farm |
| 22:34 | Crear | Villager (Male) |
| 22:37 | Construir | House |
| 22:37 | Construir | House |
| 22:38 | Construir | House |
| 22:39 | Construir | House |
| 22:40 | Construir | House |
| 22:41 | Construir | House |
| 22:45 | Investigar | Wheelbarrow |
| 23:08 | Crear | Hussite Wagon |
| 23:09 | Crear | Hussite Wagon |
| 23:23 | Crear | Villager (Male) |
| 23:29 | Crear | Villager (Male) |
| 23:52 | Crear | Battering Ram |
| 23:56 | Crear | Hussite Wagon |
| 24:04 | Construir | House |
| 25:01 | Crear | Hussite Wagon |
| 25:23 | Crear | Battering Ram |
| 25:23 | Crear | Battering Ram |
| 25:25 | Construir | House |
| 25:25 | Construir | House |
| 25:26 | Construir | House |
| 25:36 | Crear | Villager (Male) |
| 25:38 | Construir | House |
| 25:40 | Construir | House |
| 25:42 | Construir | Farm |
| 25:50 | Construir | Castle |
| 27:03 | Crear | Villager (Male) |
| 27:03 | Crear | Villager (Male) |
| 27:07 | Investigar | Imperial Age |
| 27:18 | Crear | Hussite Wagon |
| 27:18 | Crear | Hussite Wagon |
| 27:20 | Crear | Villager (Male) |
| 27:22 | Crear | Hussite Wagon |
| 27:23 | Crear | Hussite Wagon |
| 27:34 | Crear | Villager (Male) |
| 27:48 | Crear | Battering Ram |
| 27:48 | Crear | Battering Ram |
| 28:15 | Crear | Villager (Male) |
| 28:37 | Construir | House |
| 28:39 | Crear | Villager (Male) |
| 28:52 | Construir | Mining Camp |
| 28:58 | Crear | Hussite Wagon |
| 28:59 | Crear | Hussite Wagon |
| 28:59 | Crear | Hussite Wagon |
| 29:30 | Crear | Hussite Wagon |
| 29:36 | Investigar | Hand Cart |
| 29:40 | Investigar | Town Watch |
| 29:41 | Crear | Villager (Male) |
| 30:08 | Crear | Hussite Wagon |
| 30:08 | Crear | Hussite Wagon |
| 30:17 | Edad | Edad Imperial |
| 30:28 | Crear | Trebuchet (Packed) |
| 30:28 | Crear | Trebuchet (Packed) |
Build order — Matt-O-War
Primeras 150 de 253 acciones detectadas
| 0:03 | Crear | Villager (Male) |
| 0:03 | Crear | Villager (Male) |
| 0:08 | Construir | Lumber Camp |
| 0:17 | Crear | Villager (Male) |
| 0:17 | Crear | Villager (Male) |
| 0:39 | Construir | Mill |
| 1:09 | Crear | Villager (Male) |
| 1:34 | Crear | Villager (Male) |
| 2:21 | Crear | Villager (Male) |
| 2:58 | Crear | Villager (Male) |
| 3:25 | Crear | Villager (Male) |
| 3:31 | Construir | Lumber Camp |
| 3:37 | Crear | Villager (Male) |
| 3:58 | Crear | Villager (Male) |
| 4:26 | Crear | Villager (Male) |
| 4:43 | Construir | Mining Camp |
| 4:59 | Investigar | Feudal Age |
| 5:19 | Construir | Farm |
| 7:01 | Crear | Villager (Male) |
| 7:01 | Crear | Villager (Male) |
| 7:15 | Edad | Edad Feudal |
| 7:17 | Construir | Market |
| 7:21 | Construir | Blacksmith |
| 7:28 | Investigar | Double-Bit Axe |
| 7:30 | Investigar | Horse Collar |
| 8:00 | Investigar | Loom |
| 8:33 | Crear | Villager (Male) |
| 8:39 | Construir | Farm |
| 8:40 | Construir | Farm |
| 9:00 | Crear | Villager (Male) |
| 9:21 | Investigar | Castle Age |
| 10:53 | Construir | Mining Camp |
| 11:25 | Crear | Villager (Male) |
| 11:54 | Crear | Villager (Male) |
| 12:05 | Edad | Edad de los Castillos |
| 12:13 | Construir | Town Center |
| 12:15 | Investigar | Bow Saw |
| 12:19 | Crear | Hussite Wagon |
| 12:23 | Crear | Villager (Male) |
| 12:24 | Crear | Villager (Male) |
| 12:40 | Construir | Monastery |
| 12:56 | Crear | Villager (Male) |
| 13:13 | Crear | Villager (Male) |
| 13:21 | Crear | Villager (Male) |
| 13:22 | Crear | Villager (Male) |
| 13:27 | Crear | Monk |
| 13:55 | Crear | Villager (Male) |
| 13:55 | Crear | Villager (Male) |
| 14:25 | Crear | Monk |
| 14:26 | Crear | Villager (Male) |
| 14:27 | Crear | Villager (Male) |
| 14:27 | Crear | Villager (Male) |
| 14:37 | Crear | Hussite Wagon |
| 14:40 | Crear | Hussite Wagon |
| 14:42 | Crear | Villager (Male) |
| 14:42 | Crear | Villager (Male) |
| 14:49 | Construir | Farm |
| 15:16 | Investigar | Fervor |
| 15:31 | Crear | Villager (Male) |
| 15:32 | Crear | Villager (Male) |
| 15:32 | Crear | Villager (Male) |
| 15:35 | Construir | Farm |
| 15:38 | Crear | Hussite Wagon |
| 15:38 | Crear | Hussite Wagon |
| 15:42 | Construir | Farm |
| 16:18 | Construir | Farm |
| 16:37 | Crear | Villager (Male) |
| 16:37 | Crear | Villager (Male) |
| 16:39 | Crear | Hussite Wagon |
| 16:39 | Crear | Hussite Wagon |
| 16:53 | Crear | Villager (Male) |
| 16:53 | Crear | Villager (Male) |
| 17:01 | Construir | Town Center |
| 17:17 | Crear | Hussite Wagon |
| 17:18 | Crear | Villager (Male) |
| 17:18 | Crear | Villager (Male) |
| 17:30 | Crear | Villager (Male) |
| 17:30 | Crear | Villager (Male) |
| 17:50 | Crear | Villager (Male) |
| 17:56 | Construir | Farm |
| 18:00 | Construir | Farm |
| 18:01 | Construir | Farm |
| 18:02 | Construir | Farm |
| 18:05 | Construir | Farm |
| 18:23 | Crear | Hussite Wagon |
| 18:23 | Crear | Hussite Wagon |
| 18:24 | Crear | Villager (Male) |
| 18:24 | Crear | Villager (Male) |
| 18:59 | Crear | Villager (Male) |
| 19:00 | Crear | Villager (Male) |
| 19:00 | Crear | Villager (Male) |
| 19:01 | Construir | Farm |
| 19:10 | Construir | University |
| 19:34 | Crear | Villager (Male) |
| 19:34 | Crear | Villager (Male) |
| 19:37 | Investigar | Ballistics |
| 20:06 | Crear | Villager (Male) |
| 20:06 | Crear | Villager (Male) |
| 20:06 | Crear | Villager (Male) |
| 20:09 | Construir | Farm |
| 20:10 | Construir | Farm |
| 20:11 | Construir | Farm |
| 20:12 | Construir | Farm |
| 20:32 | Crear | Villager (Male) |
| 20:32 | Crear | Villager (Male) |
| 20:46 | Crear | Villager (Male) |
| 21:02 | Construir | Gate |
| 21:14 | Crear | Hussite Wagon |
| 21:14 | Crear | Hussite Wagon |
| 21:50 | Crear | Hussite Wagon |
| 21:54 | Crear | Villager (Male) |
| 21:54 | Crear | Villager (Male) |
| 21:56 | Construir | Farm |
| 22:20 | Crear | Villager (Male) |
| 22:34 | Crear | Villager (Male) |
| 22:34 | Crear | Villager (Male) |
| 22:56 | Crear | Villager (Male) |
| 22:56 | Crear | Villager (Male) |
| 23:35 | Crear | Villager (Male) |
| 23:35 | Crear | Villager (Male) |
| 23:35 | Crear | Villager (Male) |
| 23:36 | Crear | Villager (Male) |
| 23:47 | Crear | Hussite Wagon |
| 23:48 | Crear | Hussite Wagon |
| 23:57 | Construir | Farm |
| 24:03 | Crear | Villager (Male) |
| 24:03 | Crear | Villager (Male) |
| 24:11 | Construir | Farm |
| 24:12 | Construir | Farm |
| 24:13 | Construir | Farm |
| 24:18 | Construir | Stone Wall |
| 24:24 | Crear | Hussite Wagon |
| 24:50 | Crear | Villager (Male) |
| 24:50 | Crear | Villager (Male) |
| 24:56 | Construir | Farm |
| 24:56 | Construir | Farm |
| 25:05 | Crear | Hussite Wagon |
| 25:05 | Crear | Hussite Wagon |
| 25:16 | Crear | Villager (Male) |
| 25:16 | Crear | Villager (Male) |
| 25:17 | Crear | Villager (Male) |
| 25:17 | Crear | Villager (Male) |
| 25:18 | Crear | Villager (Male) |
| 25:37 | Crear | Villager (Male) |
| 25:42 | Construir | Farm |
| 25:42 | Construir | Farm |
| 26:01 | Crear | Villager (Male) |
| 26:01 | Crear | Villager (Male) |
| 26:01 | Crear | Villager (Male) |
| 26:19 | Crear | Villager (Male) |
Build order — Gandhi's Revenge
Primeras 150 de 285 acciones detectadas
| 0:02 | Crear | Villager (Male) ×4 |
| 0:02 | Crear | Villager (Male) ×4 |
| 0:09 | Construir | Lumber Camp |
| 0:12 | Construir | Mill |
| 1:10 | Crear | Villager (Male) |
| 1:42 | Crear | Villager (Male) |
| 2:03 | Crear | Villager (Male) |
| 2:03 | Crear | Villager (Male) |
| 2:27 | Crear | Villager (Male) |
| 3:02 | Crear | Villager (Male) |
| 3:02 | Crear | Villager (Male) |
| 3:26 | Crear | Villager (Male) |
| 3:37 | Construir | Mining Camp |
| 4:22 | Construir | Lumber Camp |
| 4:26 | Construir | Mining Camp |
| 4:38 | Investigar | Loom |
| 4:38 | Investigar | Feudal Age |
| 4:50 | Crear | Villager (Male) |
| 5:06 | Crear | Villager (Male) |
| 5:07 | Investigar | Loom |
| 5:07 | Investigar | Feudal Age |
| 6:34 | Crear | Villager (Male) |
| 7:05 | Construir | Farm |
| 7:59 | Construir | Farm |
| 8:02 | Construir | Farm |
| 8:15 | Edad | Edad Feudal |
| 8:17 | Construir | Blacksmith |
| 8:23 | Construir | Market |
| 8:39 | Crear | Villager (Male) |
| 9:17 | Crear | Villager (Male) |
| 9:22 | Investigar | Castle Age |
| 9:26 | Investigar | Double-Bit Axe |
| 10:12 | Construir | Farm |
| 10:15 | Construir | Farm |
| 10:23 | Construir | Farm |
| 10:28 | Crear | Villager (Male) |
| 10:42 | Investigar | Fletching |
| 11:05 | Construir | Farm |
| 11:09 | Crear | Villager (Male) |
| 11:36 | Investigar | Padded Archer Armor |
| 11:45 | Construir | Stable |
| 12:22 | Edad | Edad de los Castillos |
| 12:26 | Crear | Villager (Male) |
| 12:32 | Crear | Mangudai |
| 12:32 | Crear | Mangudai |
| 12:43 | Investigar | Husbandry |
| 12:54 | Construir | University |
| 12:58 | Crear | Villager (Male) |
| 13:03 | Crear | Mangudai |
| 13:27 | Crear | Petard |
| 13:28 | Crear | Petard |
| 13:47 | Crear | Villager (Male) |
| 14:21 | Crear | Villager (Male) |
| 14:22 | Crear | Villager (Male) |
| 14:30 | Crear | Mangudai |
| 14:38 | Investigar | Bodkin Arrow |
| 15:01 | Crear | Villager (Male) |
| 15:08 | Construir | Town Center |
| 15:17 | Crear | Mangudai |
| 15:31 | Crear | Mangudai |
| 15:36 | Crear | Villager (Male) |
| 15:51 | Construir | House |
| 15:52 | Construir | House |
| 15:56 | Construir | House |
| 16:04 | Investigar | Bloodlines |
| 16:06 | Crear | Mangudai |
| 16:14 | Construir | House |
| 16:15 | Construir | House |
| 16:28 | Crear | Mangudai |
| 16:55 | Crear | Villager (Male) |
| 16:55 | Crear | Villager (Male) |
| 17:18 | Construir | House |
| 17:18 | Construir | House |
| 17:20 | Construir | House |
| 17:28 | Crear | Mangudai |
| 17:55 | Investigar | Ballistics |
| 17:59 | Construir | Farm |
| 18:00 | Crear | Villager (Male) |
| 18:01 | Crear | Villager (Male) |
| 18:20 | Crear | Mangudai |
| 18:24 | Crear | Villager (Male) |
| 18:24 | Crear | Villager (Male) |
| 19:10 | Construir | House |
| 19:11 | Construir | House |
| 19:12 | Construir | House |
| 19:14 | Crear | Villager (Male) |
| 19:14 | Crear | Villager (Male) |
| 19:14 | Crear | Villager (Male) |
| 19:15 | Crear | Villager (Male) |
| 20:08 | Crear | Villager (Male) |
| 20:08 | Crear | Villager (Male) |
| 20:09 | Crear | Villager (Male) |
| 20:09 | Crear | Villager (Male) |
| 20:46 | Crear | Villager (Male) |
| 20:46 | Crear | Villager (Male) |
| 20:47 | Crear | Villager (Male) |
| 20:47 | Crear | Villager (Male) |
| 20:50 | Construir | Farm |
| 20:51 | Construir | Farm |
| 20:52 | Construir | Farm |
| 20:53 | Construir | Farm |
| 21:24 | Crear | Mangudai |
| 21:24 | Crear | Mangudai |
| 21:25 | Crear | Mangudai |
| 21:48 | Investigar | Horse Collar |
| 21:50 | Investigar | Bow Saw |
| 21:53 | Construir | House |
| 21:54 | Construir | House |
| 22:45 | Crear | Mangudai |
| 22:45 | Crear | Mangudai |
| 22:46 | Crear | Mangudai |
| 22:46 | Crear | Mangudai |
| 22:50 | Investigar | Wheelbarrow |
| 22:53 | Crear | Villager (Male) |
| 22:53 | Crear | Villager (Male) |
| 22:53 | Crear | Villager (Male) |
| 22:55 | Construir | Farm |
| 22:56 | Construir | Farm |
| 23:02 | Construir | Stone Wall |
| 23:11 | Crear | Mangudai |
| 23:11 | Crear | Mangudai |
| 23:12 | Crear | Mangudai |
| 23:17 | Construir | House |
| 23:18 | Construir | House |
| 23:19 | Construir | House |
| 23:20 | Construir | House |
| 23:24 | Crear | Villager (Male) |
| 23:24 | Crear | Villager (Male) |
| 23:25 | Investigar | Gold Mining |
| 23:32 | Construir | Farm |
| 23:34 | Construir | Farm |
| 23:39 | Construir | Farm |
| 23:48 | Investigar | Leather Archer Armor |
| 24:00 | Crear | Villager (Male) |
| 24:10 | Construir | Town Center |
| 24:19 | Construir | Monastery |
| 24:26 | Crear | Mangudai |
| 24:35 | Crear | Villager (Male) |
| 24:43 | Construir | Siege Workshop |
| 25:20 | Crear | Villager (Male) |
| 25:21 | Crear | Villager (Male) |
| 25:21 | Crear | Villager (Male) |
| 25:22 | Crear | Villager (Male) |
| 25:36 | Crear | Mangudai |
| 25:37 | Crear | Mangudai |
| 25:47 | Crear | Monk |
| 25:52 | Construir | House |
| 25:52 | Construir | House |
| 25:53 | Construir | House |
| 26:01 | Investigar | Murder Holes |
Cronología de la partida
| 7:15 | Matt-O-War · age_up feudal |
| 7:36 | Bananagee · age_up feudal |
| 8:09 | Matt-O-War · first_market_sell 100 wood |
| 8:14 | Matt-O-War · first_market_buy 100 food |
| 8:15 | Gandhi's Revenge · age_up feudal |
| 9:31 | HandKing · age_up feudal |
| 11:12 | Bananagee · age_up castle |
| 11:21 | Bananagee · first_building Siege Workshop |
| 11:45 | Gandhi's Revenge · first_building Stable |
| 12:05 | Matt-O-War · age_up castle |
| 12:06 | Bananagee · first_market_sell 100 food |
| 12:08 | Bananagee · first_market_buy 100 wood |
| 12:22 | Gandhi's Revenge · age_up castle |
| 12:40 | Matt-O-War · first_building Monastery |
| 13:02 | HandKing · age_up castle |
| 15:34 | HandKing · first_building Siege Workshop |
| 15:46 | Gandhi's Revenge · first_market_sell 100 wood |
| 17:50 | Gandhi's Revenge · first_market_buy 100 wood |
| 21:28 | HandKing · first_building Monastery |
| 23:02 | Gandhi's Revenge · wall_segment Stone Wall x15 |
| 24:18 | Matt-O-War · wall_segment Stone Wall x9 |
| 24:19 | Gandhi's Revenge · first_building Monastery |
| 24:43 | Gandhi's Revenge · first_building Siege Workshop |
| 25:50 | Bananagee · first_building Castle |
| 27:02 | HandKing · first_building Castle |
| 28:44 | Matt-O-War · first_building Castle |
| 30:04 | Matt-O-War · first_building Archery Range |
| 30:17 | Bananagee · age_up imperial |
| 30:40 | Matt-O-War · wall_segment Stone Wall x4 |
| 30:56 | Matt-O-War · age_up imperial |
| 31:22 | Bananagee · first_building Barracks |
| 33:20 | Gandhi's Revenge · age_up imperial |
| 37:24 | HandKing · resign |
[ ANÁLISIS IA · 1 CRÉDITO ]
¿Qué pasó realmente en esta partida?
Wolo.gg analiza cada decisión: build order, eco, micro, errores típicos por bracket. Análisis personalizado por WhatsApp o Discord en 30 segundos.
Guía civ
Tupíes
Guía mapa
Fortress
Perfil
Jugador #2201002